Cogmind - Beta 16.1 @@@ ROGUE MODE // 2026.02.28 @ 01:18:09 Player: OniAn Result: Destroyed by C-17 Slicer with Blade Saw Performance ------------- Evolutions (4) 2000 Regions Visited (9) 1800 Robots Destroyed (22) 110 Value Destroyed (672) 672 Prototype IDs (28) 560 Alien Tech Used (0) 0 Bonus (501) 501 TOTAL SCORE: 5643 Bonus ------- Follower Combat Kills 209 Aligned with FarCom 300 Friendly Fire -8 Cogmind --------- Core Integrity 0/850 Matter 291/300 Energy 100/100 System Corruption 0% Temperature Cool (0) Movement Core (50) Location -6/Factory Parts ------- > --- POWER (2) -------- (None) > --- PROPULSION (4) --- (None) > --- UTILITY (7) ------ (None) > --- WEAPON (2) ------- (None) > --- INVENTORY (5) ---- Improved Hover Unit System Shield Skeleton Box Missile Launcher Long-range Missile Launcher Peak State ------------ > --- POWER ------------ Fission Core > --- PROPULSION ------- Carbon-fiber Leg Carbon-fiber Leg Improved Hover Unit > --- UTILITY ---------- Advanced Heat Sink Centrium Light Armor Plating System Shield System Shield System Shield > --- WEAPON ----------- Ion Cannon > --- INVENTORY -------- System Shield Skeleton Box Missile Launcher Long-range Missile Launcher [Rating: 40] Favorites ----------- Power Light Nuclear Core Engine Backup Power I Power Core Light Nuclear Core Propulsion Improved Hover Unit Leg Carbon-fiber Leg Wheel Compact Wheel Hover Unit Improved Hover Unit Flight Unit VTOL Module Utility System Shield Device Advanced Heat Sink Storage Small Storage Unit Processor Signal Interpreter Hackware System Shield Protection Centrium Light Armor Plating Weapon Assault Cannon Energy Gun EM Pulse Gun Energy Cannon Ion Cannon Ballistic Gun Light Assault Rifle Ballistic Cannon Assault Cannon Special Weapon Mining Laser Impact Weapon Heavy Flail Build | -11 -10 -10 -10 -9 -8 -8 -8 -8 -6 ------- Run | Yrd Mat Min Exi Min Mat Sto Rec Scr Fac Slots Evolved 8 | . . . . . 4 . . . 4 Power 1 | . . . . . . . . . 1 Propulsion 2 | . . . . . 2 . . . . Utility 5 | . . . . . 2 . . . 3 Weapon . | . . . . . . . . . . Parts Attached 41 | 6 7 6 . 1 . 9 3 . 9 Power 3 | . 1 . . . . 1 . . 1 Engine 1 | . . . . . . 1 . . . Core 2 | . 1 . . . . . . . 1 Reactor . | . . . . . . . . . . Propulsion 18 | 2 4 4 . . . 5 . . 3 Treads . | . . . . . . . . . . Leg 8 | . . 2 . . . 3 . . 3 Wheel 2 | 2 . . . . . . . . . Hover 1 | . . . . . . 1 . . . Flight 7 | . 4 2 . . . 1 . . . Utility 10 | 1 . 2 . . . 1 3 . 3 Device 1 | . . . . . . . . . 1 Storage 1 | 1 . . . . . . . . . Processor 3 | . . 1 . . . . . . 2 Hackware 3 | . . . . . . . 3 . . Protection 2 | . . 1 . . . 1 . . . Artifact . | . . . . . . . . . . Weapon 10 | 3 2 . . 1 . 2 . . 2 Energy Gun 1 | 1 . . . . . . . . . Energy Cannon 1 | . . . . . . . . . 1 Ballistic Gun 4 | 2 2 . . . . . . . . Ballistic Cannon 2 | . . . . . . 2 . . . Launcher . | . . . . . . . . . . Special Weapon 1 | . . . . 1 . . . . . Impact Weapon 1 | . . . . . . . . . 1 Slashing Weapon . | . . . . . . . . . . Piercing Weapon . | . . . . . . . . . . Special Melee Weapon . | . . . . . . . . . . Unidentified Prototypes 1 | . . . . . . 1 . . . Corrupted Parts 1 | . . . . . . 1 . . . System Corruption 1 | . . . . . . 1 . . . Parts Lost 27 | . 2 6 . . 5 5 . . 9 Power 2 | . . . . . 1 1 . . . Propulsion 13 | . 1 4 . . 2 3 . . 3 Utility 7 | . . 1 . . . 1 . . 5 Weapon 5 | . 1 1 . . 2 . . . 1 Highest Loss Streak 7 | . 2 2 . . 5 4 . . 7 To Critical Strikes . | . . . . . . . . . . Average Backups 4 | . 3 3 4 4 4 4 5 4 4 Power . | . . . . . . . . . . Propulsion . | . 1 1 1 1 1 . . . . Utility . | . . . . . . . . 1 1 Weapon 2 | . 1 1 2 2 2 2 3 2 2 Tool/Special . | . . . . . . . . . . Unused Backups 9 | . 2 1 . . . . . 2 4 Power . | . . . . . . . . . . Propulsion 3 | . 2 1 . . . . . . . Utility 1 | . . . . . . . . . 1 Weapon 4 | . . . . . . . . 2 2 Tool/Special 1 | . . . . . . . . . 1 Average Slot Usage (%) 54 | . 70 73 58 72 42 42 55 45 33 Core 5 | . 4 14 14 14 6 . . . 3 Leg 7 | . . 13 28 28 12 5 . . 1 Hover 3 | . . . . . . 1 9 9 3 Flight 3 | . 13 12 . . . 2 . . . Processor 3 | . . 2 14 14 9 5 . . 2 Hackware 8 | . . . . . . . 19 27 13 Protection 6 | . . 9 . . . 6 9 9 3 Ballistic Gun 7 | . 26 21 1 12 6 . . . . Ballistic Cannon 6 | . . . . . . 17 18 . . Peak Build Rating 40 | 5 10 10 9 10 10 22 27 27 40 Average Rating 15 | 4 6 9 8 9 7 15 24 21 21 On Entrance 11 | . 5 9 9 9 10 1 18 27 22 Avg Prop Armor Cover (%) 5 | . 6 . . . . 6 . . 4 Naked Turns 21 | . . . . . . . . . 21 Heaviest Build 20 | 9 12 10 6 7 7 14 13 13 20 Greatest Support 30 | 26 26 25 25 25 25 26 7 7 30 Greatest Overweight (x) 4 | . 1 3 . . . 4 1 1 2 Average Overweight (x) . | . . . . . . 1 1 . . Largest Inventory Capacity 8 | 8 8 5 5 5 5 5 5 5 5 Average Capacity 5 | 7 7 5 5 5 5 5 5 5 5 Most Carried 7 | . 7 5 5 5 4 5 5 5 5 Average Carried 4 | . 3 3 4 4 4 4 5 4 4 Final Capacity 8 | 8 5 5 5 5 5 5 5 5 5 Final Carried 5 | . 5 3 5 4 4 5 5 5 5 Class Distribution -------------------- 43% | Commander-Mutant 34% | Mutant 17% | Scavenger-Mutant Dominant Class ---------------- Mutant | -10/Materials Scavenger-Mutant | -10/Mines Mutant | -10/Exiles Scavenger-Mutant | -9/Mines Scavenger-Mutant | -8/Materials Commander-Mutant | -8/Storage Commander-Mutant | -8/Recycling Commander-Mutant | -8/Scraptown Mutant | -6/Factory Resources | -11 -10 -10 -10 -9 -8 -8 -8 -8 -6 ----------- Run | Yrd Mat Min Exi Min Mat Sto Rec Scr Fac Matter Collected 1120 | 125 133 310 . 27 . 325 15 89 96 Remotely . | . . . . . . . . . . Salvage Created 983 | . 308 148 . . . 304 15 . 208 Parts 56 | . 24 3 . . . 12 5 . 12 Haulers Intercepted 1 | . 1 . . . . . . . . Recyclers Shooed 1 | . . . . . . 1 . . . Parts Field Recycled . | . . . . . . . . . . Retrieved Matter . | . . . . . . . . . . Parts Self-Destructed . | . . . . . . . . . . Prevented . | . . . . . . . . . . Parts Restored . | . . . . . . . . . . Kills | -11 -10 -10 -10 -9 -8 -8 -8 -8 -6 ------- Run | Yrd Mat Min Exi Min Mat Sto Rec Scr Fac Combat Hostiles Destroyed 24 | . 10 8 . . . 2 . . 4 Melee 2 | . . . . . . . . . 2 Guns 18 | . 10 8 . . . . . . . Cannons 3 | . . . . . . 2 . . 1 Classes Destroyed 11 | . 3 2 . . . 2 1 . 3 Builder 1 | . . . . . . . 1 . . Hauler 1 | . 1 . . . . . . . . Recycler 3 | . . . . . . 3 . . . Swarmer 6 | . 6 . . . . . . . . Grunt 4 | . 4 . . . . . . . . Duelist 1 | . . . . . . 1 . . . Sentry 2 | . . 1 . . . 1 . . . Specialist 2 | . . . . . . . . . 2 Hunter 1 | . . . . . . . . . 1 Heavy 1 | . . . . . . . . . 1 Assembled 7 | . . 7 . . . . . . . Best Kill Streak 6 | . 6 1 . . . 3 1 . 1 Combat Bots Only 6 | . 6 1 . . . 1 . . 1 Max Kills in Single Turn 1 | . 1 1 . . . 1 1 . 1 Gunslinging . | . . . . . . . . . . Exploded . | . . . . . . . . . . Melee 1 | . . . . . . . . . 1 Uniques/NPCs Destroyed 1 | . . 1 . . . . . . . YI-UF0 (-10/Mines) Combat | -11 -10 -10 -10 -9 -8 -8 -8 -8 -6 -------- Run | Yrd Mat Min Exi Min Mat Sto Rec Scr Fac Hostile Shots Fired 233 | . 62 37 . . 17 14 . . 103 Missed 67 | . 19 9 . . 4 3 . . 32 Hits 166 | . 43 28 . . 13 11 . . 71 Melee 30 | . . 6 . . 4 1 . . 19 Projectile 136 | . 43 22 . . 9 10 . . 52 AOE 4 | . . . . . . . . . 4 Critical Strikes 12 | . . 1 . . . 2 . . 9 Part Disruptions 2 | . . . . . . 2 . . . Damage Taken 3456 | . 398 475 . . 269 619 . . 1695 Core 1259 | . 127 105 . . 32 140 . . 855 Absorbed by Shields . | . . . . . . . . . . Core Remaining (%) 58 | 100 . . . 7 . . . 68 . Volleys Fired 106 | . 28 32 . . 9 25 . . 12 Largest 2 | . 2 2 . . 2 2 . . 1 Hottest 120 | . 40 40 . . 120 74 . . 60 Shots Fired 183 | . 54 53 . . 11 50 3 . 12 Gun 116 | . 54 53 . . 9 . . . . Cannon 65 | . . . . . . 50 3 . 12 Launcher . | . . . . . . . . . . Special 2 | . . . . . 2 . . . . Kinetic 169 | . 54 53 . . 9 50 3 . . Thermal 14 | . . . . . 2 . . . 12 Explosive . | . . . . . . . . . . Electromagnetic . | . . . . . . . . . . Robot Hit Streak 10 | . 5 10 . . 6 6 1 . 5 Robot Miss Streak 4 | . 4 2 . . 1 3 1 . 1 Penetration Max . | . . . . . . . . . . Secondary Targets 4 | . 3 1 . . . . . . . Max Gunslinging Chain 1 | . 1 1 . . . . . . . Shots Hit Robots 124 | . 36 34 . . 8 28 1 . 17 Core Hits 59 | . 20 23 . . 2 8 1 . 5 Critical Kills 1 | . . . . . . . . . 1 Critical Parts Destroyed 1 | . . . . . . . . . 1 Critical Strikes 4 | . . . . . . 2 . . 2 Blast 2 | . . . . . . 2 . . . Smash 2 | . . . . . . . . . 2 Melee Attacks 12 | . . . . . . . . . 12 Impact 12 | . . . . . . . . . 12 Slashing . | . . . . . . . . . . Piercing . | . . . . . . . . . . Sneak Attacks . | . . . . . . . . . . Combat Hostiles . | . . . . . . . . . . Follow-up Attacks . | . . . . . . . . . . Damage Inflicted 2074 | . 365 278 . . 75 666 26 . 664 Guns 694 | . 365 278 . . 51 . . . . Cannons 904 | . . . . . . 666 26 . 212 Explosions . | . . . . . . . . . . Melee 420 | . . . . . . . . . 420 Ramming 32 | . . . . . . . . . 32 Kinetic 1386 | . 365 278 . . 51 666 26 . . Thermal 236 | . . . . . 24 . . . 212 Explosive . | . . . . . . . . . . Electromagnetic . | . . . . . . . . . . Impact 420 | . . . . . . . . . 420 Slashing . | . . . . . . . . . . Piercing . | . . . . . . . . . . Highest Corruption 10 | . 1 3 3 3 . 10 10 10 . Average Corruption 6 | . 1 2 3 3 . 7 10 10 . Corruption Purged . | . . . . . . . . . . Corruption Blocked . | . . . . . . . . . . Effects 105 | . 1 12 4 5 . 22 29 32 . Message Errors 30 | . . 3 1 2 . 10 6 8 . Matter Fused 16 | . . 4 1 1 . . 6 4 . Heat Flow Errors 11 | . . 2 . 1 . 1 4 3 . Energy Discharges 18 | . . 3 1 1 . 2 5 6 . Parts Fused 1 | . . . . . . 1 . . . Data Loss (minor) 16 | . . . 1 . . 5 3 7 . Data Loss (major) 5 | . . . . . . 2 1 2 . Misfires 4 | . . . . . . 1 3 . . Alerts 3 | . . . . . . . 1 2 . Weapon Failures 1 | . 1 . . . . . . . . Overload Shots . | . . . . . . . . . . Overflow Damage 120 | . . . . . . 5 . . 115 Projectiles 19 | . . . . . . 5 . . 14 Explosions . | . . . . . . . . . . Melee 101 | . . . . . . . . . 101 Knockbacks 6 | . . . . . . 6 . . . Impact . | . . . . . . . . . . Kinetic 6 | . . . . . . 6 . . . Secondary . | . . . . . . . . . . Self-Inflicted Damage 16 | . . . . . . . . . 16 Shots . | . . . . . . . . . . Rammed 4 | . . . . . . . . . 4 Targets Rammed 4 | . . . . . . . . . 4 Kicked . | . . . . . . . . . . Crushed . | . . . . . . . . . . Highest Temperature 247 | . 16 118 . 210 33 184 247 223 32 Average Temperature 49 | . 5 25 . 112 13 49 105 103 16 Received Heat Transfer 485 | . 93 116 . . 72 108 . . 96 Effects 2 | . . . . . . . 1 1 . Energy Bleed 2 | . . . . . . . 1 1 . Siege Activations . | . . . . . . . . . . Martial Activations . | . . . . . . . . . . Shielding Activations . | . . . . . . . . . . Robots Disrupted . | . . . . . . . . . . Combat Hostiles . | . . . . . . . . . . Robots Corrupted . | . . . . . . . . . . Combat Hostiles . | . . . . . . . . . . Parts Fried . | . . . . . . . . . . Impact Corruptions 3 | . . . . . . . . . 3 Robots Melted 1 | . . . . . . . . . 1 Combat Hostiles 1 | . . . . . . . . . 1 Parts Melted 1 | . . . . . . . . . 1 Heat Transferred 383 | . . . . . 50 . . . 333 Parts Sabotaged . | . . . . . . . . . . Parts Stolen . | . . . . . . . . . . Parts Stripped . | . . . . . . . . . . Power Chain Reactions . | . . . . . . . . . . Alert | -11 -10 -10 -10 -9 -8 -8 -8 -8 -6 ------- Run | Yrd Mat Min Exi Min Mat Sto Rec Scr Fac Maximum Alert Level . | . . . . . . . . . . Low Security (%) 100 | 100 100 100 . 100 100 100 100 . 100 Level 1 . | . . . . . . . . . . Level 2 . | . . . . . . . . . . Level 3 . | . . . . . . . . . . Level 4 . | . . . . . . . . . . Level 5 . | . . . . . . . . . . High Security . | . . . . . . . . . . Max Security . | . . . . . . . . . . Peak Influence 197 | . 197 48 . . 63 115 33 . 47 Initial 48 | . . 48 . . . 26 . . . Average 20 | . 101 3 . . 10 35 2 . 12 Influence Increases 963 | . 274 20 . . 84 343 55 . 187 Destroy 0b10 Robot/C 460 | . 200 20 . . 40 80 20 . 100 Destroy 0b10 Robot/NC 25 | . 5 . . . . 15 5 . . Destroy Leader 122 | . 32 . . . 10 40 . . 40 Allied During Kill 76 | . . . . . 3 40 16 . 17 Successful Hack 30 | . 7 . . . . 9 14 . . Disable Machine 75 | . . . . . 15 60 . . . Destroy Structure 10 | . . . . . 1 9 . . . Lose Combat Pursuer 165 | . 30 . . . 15 90 . . 30 Influence Decreases 957 | . 150 144 . . 21 406 55 . 181 Entered New Map 113 | . . 76 . . . 37 . . . Time Decay 698 | . 130 58 . . 20 299 55 . 136 Lost Part 111 | . 20 10 . . 1 50 . . 30 Lost Ally 35 | . . . . . . 20 . . 15 Squads Dispatched 7 | . 2 . . . . 2 . . 3 Investigation 2 | . 1 . . . . 1 . . . Extermination . | . . . . . . . . . . Reinforcement 5 | . 1 . . . . 1 . . 3 Assault . | . . . . . . . . . . Garrison . | . . . . . . . . . . Intercept . | . . . . . . . . . . Searches Triggered . | . . . . . . . . . . Construction Impeded . | . . . . . . . . . . Haulers Reinforced . | . . . . . . . . . . Active Scanning Responses . | . . . . . . . . . . Cargo Convoy Interrupts . | . . . . . . . . . . Stealth | -11 -10 -10 -10 -9 -8 -8 -8 -8 -6 --------- Run | Yrd Mat Min Exi Min Mat Sto Rec Scr Fac Distress Signals 2 | . . 1 . . . 1 . . . Communications Jammed . | . . . . . . . . . . Distress Signals . | . . . . . . . . . . Times Spotted 81 | . 17 23 . . 4 25 . . 12 Peak Tracking Total 7 | . 5 7 . . 3 6 . . 4 Tactical Retreats 10 | . 1 3 . . 1 3 . . 2 Traps | -11 -10 -10 -10 -9 -8 -8 -8 -8 -6 ------- Run | Yrd Mat Min Exi Min Mat Sto Rec Scr Fac Traps Triggered 6 | . 2 . . . . 4 . . . Indirectly . | . . . . . . . . . . Trap Hack Attempts . | . . . . . . . . . . Triggered . | . . . . . . . . . . Disarmed . | . . . . . . . . . . Reprogrammed . | . . . . . . . . . . Reused . | . . . . . . . . . . Traps Extracted . | . . . . . . . . . . Installed . | . . . . . . . . . . Triggered . | . . . . . . . . . . Machines | -11 -10 -10 -10 -9 -8 -8 -8 -8 -6 ---------- Run | Yrd Mat Min Exi Min Mat Sto Rec Scr Fac Machines Disabled 5 | . . . . . 1 4 . . . Max in Single Turn 1 | . . . . . . 1 . . . Machines Repaired . | . . . . . . . . . . Machines Dismantled . | . . . . . . . . . . Machines Sabotaged . | . . . . . . . . . . Overloaded Fab Kills . | . . . . . . . . . . Hacking | -11 -10 -10 -10 -9 -8 -8 -8 -8 -6 --------- Run | Yrd Mat Min Exi Min Mat Sto Rec Scr Fac Machines Accessed 13 | . 2 . 1 . 1 4 3 2 . Terminals 8 | . 2 . . . 1 4 1 . . Fabricators . | . . . . . . . . . . Repair Stations . | . . . . . . . . . . Recycling Units . | . . . . . . . . . . Scanalyzers . | . . . . . . . . . . Garrison Access . | . . . . . . . . . . Total Hacks 55 | . 3 . 1 . 3 8 28 12 . Successful 46 | . 1 . 1 . 2 4 26 12 . Failed 9 | . 2 . . . 1 4 2 . . Catastrophic 3 | . . . . . . 2 1 . . Database Lockouts . | . . . . . . . . . . Manual 1 | . . . 1 . . . . . . Terminals 18 | . 3 . . . 3 8 4 . . Fabricators . | . . . . . . . . . . Repair Stations . | . . . . . . . . . . Recycling Units . | . . . . . . . . . . Scanalyzers . | . . . . . . . . . . Garrison Access . | . . . . . . . . . . Terminal Hacks 46 | . 1 . 1 . 2 4 26 12 . Record 36 | . . . . . . . 24 12 . Part Schematic 2 | . . . . . . . 2 . . Prototype ID Bank 2 | . . . . . 1 1 . . . Terminal Index 1 | . . . . . . 1 . . . Locate Traps 1 | . . . . . . 1 . . . Patrol Status 1 | . 1 . . . . . . . . Recall Reinforcements 1 | . . . . . . 1 . . . Zone Layout 1 | . . . . . 1 . . . . Proto ID Catalog 1 | . . . 1 . . . . . . Fabricator Hacks . | . . . . . . . . . . Repair Station Hacks . | . . . . . . . . . . Recycling Unit Hacks . | . . . . . . . . . . Scanalyzer . | . . . . . . . . . . Garrison Access Hacks . | . . . . . . . . . . Unauthorized Hacks . | . . . . . . . . . . Terminals . | . . . . . . . . . . Fabricators . | . . . . . . . . . . Repair Stations . | . . . . . . . . . . Recycling Units . | . . . . . . . . . . Scanalyzers . | . . . . . . . . . . Garrison Access . | . . . . . . . . . . Data Cores Recovered . | . . . . . . . . . . Used . | . . . . . . . . . . Hacking Detections 5 | . 1 . . . 1 2 1 . . Full Trace Events 1 | . . . . . . 1 . . . Feedback Events . | . . . . . . . . . . Feedback Blocked . | . . . . . . . . . . Robot Schematics Acquired . | . . . . . . . . . . Robots Built . | . . . . . . . . . . Authchips . | . . . . . . . . . . Time . | . . . . . . . . . . Total Robot Build Rating . | . . . . . . . . . . Part Schematics Acquired 2 | . . . . . . . 2 . . Parts Built . | . . . . . . . . . . Authchips . | . . . . . . . . . . Time . | . . . . . . . . . . Total Part Build Rating . | . . . . . . . . . . Part Studies Acquired . | . . . . . . . . . . Parts Repaired . | . . . . . . . . . . Time . | . . . . . . . . . . Parts Recycled . | . . . . . . . . . . Recycled Matter . | . . . . . . . . . . Retrieved Matter . | . . . . . . . . . . Retrieved Components . | . . . . . . . . . . Parts Scanalyzed . | . . . . . . . . . . Part Schematics Acquired . | . . . . . . . . . . Parts Damaged . | . . . . . . . . . . Bothacking | -11 -10 -10 -10 -9 -8 -8 -8 -8 -6 ------------ Run | Yrd Mat Min Exi Min Mat Sto Rec Scr Fac Used RIF Installer . | . . . . . . . . . . Robots Hacked . | . . . . . . . . . . Non-combat . | . . . . . . . . . . Combat . | . . . . . . . . . . Robot Hacks Applied . | . . . . . . . . . . Relay Couplers Released . | . . . . . . . . . . Fabnet Peak Effective % . | . . . . . . . . . . Robots Rewired 1 | . . . . . . 1 . . . Allies Hacked . | . . . . . . . . . . Hacks Repelled . | . . . . . . . . . . Allies | -11 -10 -10 -10 -9 -8 -8 -8 -8 -6 -------- Run | Yrd Mat Min Exi Min Mat Sto Rec Scr Fac Total Allies 14 | . . 3 . 1 . 10 . . . Largest Group 10 | . . 3 . 1 1 10 9 8 8 Highest-Rated Group 173 | . . 40 . 31 31 173 157 141 141 Highest-Rated Ally 31 | . . 16 . 31 31 29 29 29 29 Total Orders . | . . . . . . . . . . Ally Attacks 109 | . . 36 . . 9 21 12 . 31 Total Damage 1163 | . . 235 . . 104 264 182 . 378 Kills 13 | . . 7 . . 2 2 1 . 1 Allies Corrupted . | . . . . . . . . . . Allies Melted 1 | . . 1 . . . . . . . Intel | -11 -10 -10 -10 -9 -8 -8 -8 -8 -6 ------- Run | Yrd Mat Min Exi Min Mat Sto Rec Scr Fac Active Infowar (turns) . | . . . . . . . . . . Robot Analysis Total . | . . . . . . . . . . Derelict Logs Recovered 1 | . . 1 . . . . . . . Drone Launches . | . . . . . . . . . . Drone Recoveries . | . . . . . . . . . . Exploration | -11 -10 -10 -10 -9 -8 -8 -8 -8 -6 ------------- Run | Yrd Mat Min Exi Min Mat Sto Rec Scr Fac Turns Passed 5235 | 59 337 1032 294 341 110 1097 687 828 450 Spaces Moved 4541 | 59 367 690 244 283 111 610 520 1304 353 Core 339 | 7 . 19 . . 65 114 . . 134 Treads . | . . . . . . . . . . Legs 1299 | . . 387 244 283 46 273 . . 66 Wheels 168 | 52 116 . . . . . . . . Hover 2077 | . . . . . . 100 520 1304 153 Flight 658 | . 251 284 . . . 123 . . . Fastest Speed 32 | 50 32 32 120 120 50 50 120 60 50 Average Speed 96 | 84 57 100 120 120 79 158 120 60 93 Slowest Speed 290 | 90 125 200 120 120 120 290 120 120 190 Overloaded Moves . | . . . . . . . . . . Propulsion Burnouts . | . . . . . . . . . . Robots Hopped . | . . . . . . . . . . Potential Cave-ins . | . . . . . . . . . . Cave-ins Triggered 1 | . . . . . . 1 . . . Exploration Rate (%) 53 | 3 68 86 62 70 8 84 81 59 10 Regions Visited 9 Branch Regions 6 Pre-discovered Areas . | . . . . . . . . . . Known Exits Taken 4 | . . 1 1 1 1 . . . . Unknown Exits Taken 5 | 1 1 . . . . 1 1 1 . Scrap Searched 12 | . . 3 . 2 . . . 7 . Spaces Dug . | . . . . . . . . . . Terrain Destroyed 10 | . . . . . 1 9 . . . Melee . | . . . . . . . . . . Projectile 10 | . . . . . 1 9 . . . AOE . | . . . . . . . . . . Terrain Rammed . | . . . . . . . . . . Walls Destroyed . | . . . . . . . . . . Machines Disabled . | . . . . . . . . . . Actions | -11 -10 -10 -10 -9 -8 -8 -8 -8 -6 --------- Run | Yrd Mat Min Exi Min Mat Sto Rec Scr Fac Total 5196 | 64 443 983 245 284 119 687 582 1350 439 Wait 464 | . 24 254 . . . 41 58 41 46 Move 4532 | 58 366 689 243 282 110 609 519 1303 353 Hop . | . . . . . . . . . . Pick Up 14 | . 8 1 1 . . 1 1 2 . Fast Attach 33 | 5 2 4 . 1 . 8 3 . 10 Attach 8 | . 3 2 . 1 . 1 . . 1 Detach 6 | . 2 . 1 . . 1 . 1 1 Swap 5 | 1 4 . . . . . . . . Drop 11 | . 6 1 . . . . 1 3 . Fire 106 | . 28 32 . . 9 25 . . 12 Melee 12 | . . . . . . . . . 12 Ram 4 | . . . . . . . . . 4 Kick . | . . . . . . . . . . Crush . | . . . . . . . . . . Escape Stasis . | . . . . . . . . . . Rewire 1 | . . . . . . 1 . . . Trap . | . . . . . . . . . . Miscellaneous . | . . . . . . . . . . Route ------- -11/Scrapyard -10/Materials (discovered 3 exits: *Mat x2 / [*Min]) -10/Mines (discovered 3 exits: *Mat / *Exi / [*Sub]) -10/Exiles -9/Mines -8/Materials -8/Storage (discovered 2 exits: *Fac / *Rec) -8/Recycling (discovered 2 exits: [*Fac] / *Scr) -8/Scraptown -6/Factory (discovered 1 exit: [*Low]) History --------- Turn | Location | Event 18 | -11/Scrapyard | Discovered new exit (range 16) 60 | -11/Scrapyard | Entered Materials 130 | -10/Materials | Discovered new exit (range 13) 204 | -10/Materials | Discovered new exit (range 15) 314 | -10/Materials | Build established: Mutant 343 | -10/Materials | Discovered new exit (range 10) 389 | -10/Materials | Core integrity fell below 50% 397 | -10/Materials | Entered Mines 398 | -10/Mines | Assembled infested the area 405 | -10/Mines | YI-UF0 nonchalantly dropped a Grenade Launcher on the ground 450 | -10/Mines | Learned Materials interactive machine intel 454 | -10/Mines | Joined a pair of Derelicts in attacking an 0b10 outpost 775 | -10/Mines | Assisted by bots powering up and referring to "LRC-V3" 850 | -10/Mines | Core integrity fell below 20% 1071 | -10/Mines | Discovered new exit (range 6) 1205 | -10/Mines | Build established: Scavenger-Mutant 1256 | -10/Mines | Discovered new exit (range 4) 1262 | -10/Mines | Identified exit to Materials 1421 | -10/Mines | Deemed a non-threat by the Exiles lab entrance 1422 | -10/Mines | Discovered new exit (range 5) 1427 | -10/Mines | Identified exit to Exiles 1429 | -10/Mines | Entered Exiles 1461 | -10/Exiles | Met 8R-AWN 1484 | -10/Exiles | Met EX-HEX 1526 | -10/Exiles | Met EX-BIN 1543 | -10/Exiles | Aligned with FarCom system 1544 | -10/Exiles | Given EX-Vault access code 1581 | -10/Exiles | Opened EX-Vault 1600 | -10/Exiles | Found Skeleton Box 1629 | -10/Exiles | Warned to stay clear of 0b10 Research branches 1669 | -10/Exiles | Met EX-DEC 1713 | -10/Exiles | Discovered new exit (range 10) 1721 | -10/Exiles | Identified exit to Mines 1723 | -10/Exiles | Left Exiles lab with Skeleton Box 1723 | -10/Exiles | Entered Mines 1982 | -9/Mines | Received a Mining Laser from a helpful Derelict 2049 | -9/Mines | Discovered new exit (range 10) 2063 | -9/Mines | Identified exit to Materials 2064 | -9/Mines | Entered Materials 2064 | -8/Materials | Accompanied by 1 ally 2064 | -8/Materials | Evolved 4 slots: Propulsion x2, Utility x2 2064 | -8/Materials | Discovered new exit (range 16) 2065 | -8/Materials | Loaded intel: 19 interactive machine locations 2156 | -8/Materials | Identified exit to Storage 2172 | -8/Materials | Lost 5 parts (1p2n2w) 2174 | -8/Materials | Entered Storage 2179 | -8/Storage | Met 01-MTF 2384 | -8/Storage | Discovered new exit (range 8) 2438 | -8/Storage | Build established: Mutant 2676 | -8/Storage | Discovered new exit (range 12) 2683 | -8/Storage | Assisted by bots powering up and referring to "LRC-V3" 2701 | -8/Storage | Identified exit to Factory 2874 | -8/Storage | Crushed by falling debris 2874 | -8/Storage | System corruption reached 10% 2905 | -8/Storage | Lost 4 parts (1p2n1u) 2984 | -8/Storage | Build established: Commander-Mutant 3271 | -8/Storage | Entered Recycling 3271 | -8/Recycling | Accompanied by 10 allies (01-MTF) 3523 | -8/Recycling | Discovered new exit (range 15) 3869 | -8/Recycling | Scanned before Scraplab entrance 3897 | -8/Recycling | Entered Scraplab 3925 | -8/Recycling | Discovered new exit (range 2) 3958 | -8/Recycling | Entered Scraptown 3958 | -8/Scraptown | Accompanied by 8 allies 4124 | -8/Scraptown | Visited Cave Peace 4161 | -8/Scraptown | Visited Bundlers 4326 | -8/Scraptown | Visited Shadow of the Wyrm 4342 | -8/Scraptown | Visited Red Mages 4383 | -8/Scraptown | Visited Symbiants 4447 | -8/Scraptown | Discovered new exit (range 7) 4506 | -8/Scraptown | Visited Assassins FH 4535 | -8/Scraptown | Visited The Evicted 4565 | -8/Scraptown | Turned away by UFD registrar 4786 | -8/Scraptown | Entered Factory 4786 | -6/Factory | Accompanied by 8 allies 4786 | -6/Factory | Evolved 4 slots: Power x1, Utility x3 4899 | -6/Factory | Discovered new exit (range 16) 5030 | -6/Factory | Lost 8 allies 5101 | -6/Factory | Lost 7 parts (2n4u1w) 5160 | -6/Factory | Core integrity fell below 50% 5215 | -6/Factory | Core integrity fell below 20% 5236 | -6/Factory | Destroyed by C-17 Slicer with Blade Saw Last Messages --------------- 05163_ X-62 Marksman destroyed. 05179_ K-01 Serf collects debris. 05187_ Knocked back. 05188_ U-05 Engineer destroyed. 05188_ K-01 Serf collects debris. 05191_ Hvy. Flail severed. 05191_ K-01 Serf collects debris. 05192_ Acquired Hvy. Flail. 05194_ Hvy. Flail severed. 05194_ Acquired Hvy. Flail. 05194_ K-01 Serf collects debris. 05195_ U-05 Engineer lays Concrete. 05197_ K-01 Serf collects debris. 05199_ U-05 Engineer lays Concrete. 05204_ Hvy. Flail severed. 05205_ Adv. Melee Analysis Suite severed. 05213_ K-01 Serf cleans the Terminal. 05214_ K-01 Serf cleans the Fusion Modulator. 05215_ Imp. Melee Analysis Suite severed. 05220_ Slammed into K-01 Serf. Map ----- +----------------------------------------------------+ | ?????????????????????????????????????????????????? | | ?????????????????????????????????????????????????? | | ?????????????????????????????????????????????????? | | ?????????????????????????????????????????????????? | | ?????????????????????????????????????????????????? | | ?????????????????????????????????????????????????? | | ?????????????????????????????????????????????????? | | ?????????????????????????????????????????????????? | | ?????????????????????????????????????????????????? | | ?????????????????????????????????????????????????? | | ????????????????????????? ???????????????????????? | | ????????????????????????? ???????????????????????? | | ????????????????????????? ???????????????????????? | | ????????????????????????? ???????????????????????? | | ????????????????????????? ???????????????????????? | | ????????????????????????? ???????????????????????? | | ????????????????????????? ???????????????????????? | | ????????????????????????# #??????????????????????? | | ????????????????????????# #??????????????????????? | | ????????????????????????# #??????????????????????? | | ????????????????????????# #??????????????????????? | | ??????????????????#+#???# ??????????????????????? | | ??????????????????# #???# #??????????????????????? | | ??????????????????# ##### #??????????????????????? | | ??????????????????# #??????????????????????? | | ############ ####@#####??????????????????? | | c c/ c #??????????????????? | | ??????####### ######## """ #??????????????????? | | ????????????# #??????# """ #??????????????????? | | ????????????# #??????# """ #??????????????????? | | ????????????# #??????# [ #??????????????????? | | ????????????# #??????# #??????????????????? | | ??????#?????# #??????# #??????????????????? | | ? ?? ?????# #??????# ""Y"" #??????????????????? | | "" ?? ?????# #??????# """"" #??????????????????? | | F"" ""????# #??????####??####??????????????????? | | "" """???# #??????????????????????????????????? | | ""????# ########???????????????????????????? | | ????# ????????????????????? | | " """ "?????# ########???????????????????????????? | | " """ "?????# #?######???????????????????????????? | | " """ ??????# #? #???????????????????????????? | | ??????# # #???????????????????????????? | | #+##+######## # #???????????????????????????? | | + #???????????????????????????? | | # #???????????????????????????? | | ""# #???????????????????????????? | | "" """ """ ""#?######???????????????????????????? | | "" """ """ T"#??????????????????????????????????? | | "" """ """ ""#??????????????????????????????????? | +----------------------------------------------------+ Best States ------------- Heat Dissipation 56 Energy Generation 18 Energy Capacity 310 Matter Stores 300 Matter Capacity 300 Sight Range 16 Terrain Scan Density 10 Armor Coverage 150 Evasion (%) 63 Melee Accuracy 14 Defensive Hacking 30 Item Schematics ----------------- Minigun | -8/Recycling | Hacked Arm. Huge Wheel | -8/Recycling | Hacked Robot Schematics ------------------ None Fabricated ------------ Nothing Repaired ---------- Nothing Studied --------- None Alien Tech Used ----------------- None Achievements -------------- Civilization 2243 Frienemies You May Approach The Wall \\IAMDERELICT Challenges ------------ None Game ------ Seed InterdictionDeflectorCycler Manual? 0 Play Time 00:50:43 Cumulative 48.0 hours Start 2026.02.21 @ 01:29:36 End 2026.02.28 @ 01:18:09 Sessions 2 Manual Loads 0 Difficulty Rogue Special Mode None Game No. 62 Rogue 38 Adventurer 24 Explorer 0 Win Type - Total 0 Types 0/0/0/0/0/0/0/0/0/0 Lore% 33 Gallery% 28 Achievement% 23 Wizard Run 0 Options --------- Layout 1 ASCII 0 Keyboard 1 Movement Arrows Keybinds 0 Fullscreen 1 Font 24/Smallcaps Map View 50x35 Zoom Use 0% Tactical HUD 1 Map Filters NONE Filters NONE Steam 1 RUN: f2b01191-07b6-40f4-b470-c8710dc55d41